TOP OF THE 1ST |
Boston Rebels batting - Pitching for Niagara Falls Frenzy : RHP Ed Jones
|
Pitching: RHP Ed Jones
|
|
Batting: RHB Roberto Chávez
|
0-0: Foul Ball, location: 2F 0-1: Ball 1-1: Ball 2-1: Called Strike 2-2: Strikes out swinging
|
Batting: LHB Bill Wilson
|
0-0: Called Strike 0-1: Ball 1-1: Ball 2-1: Ground out 4-3 (Groundball, 4)
|
Batting: LHB Lorenzo Flores
|
0-0: Swinging Strike 0-1: Fly out, F9 (Flyball, 89M)
|
Top of the 1st over - 0 run(s), 0 hit(s), 0 error(s), 0 left on base; Boston 0 - Niagara Falls 0 |
BOTTOM OF THE 1ST |
Niagara Falls Frenzy batting - Pitching for Boston Rebels : RHP John Foster
|
Pitching: RHP John Foster
|
|
Batting: RHB Kel Pierce
|
0-0: Called Strike 0-1: Foul Ball, location: 2F 0-2: Strikes out swinging
|
Batting: RHB Zander Tremblett
|
0-0: Foul Ball, location: 2F 0-1: Swinging Strike 0-2: Foul Ball, location: 2F 0-2: Ball 1-2: Ball 2-2: Ground out 5-3 (Groundball, 56)
|
Batting: RHB Troy Lau
|
0-0: Called Strike 0-1: Called Strike 0-2: Strikes out looking
|
Bottom of the 1st over - 0 run(s), 0 hit(s), 0 error(s), 0 left on base; Boston 0 - Niagara Falls 0 |
TOP OF THE 2ND |
Boston Rebels batting - Pitching for Niagara Falls Frenzy : RHP Ed Jones
|
Batting: LHB Miguel Rivería
|
0-0: Called Strike 0-1: Ball 1-1: Ball 2-1: Ball 3-1: Foul Ball, location: 2F 3-2: Strikes out swinging
|
Batting: RHB John Mendelson
|
0-0: Foul Ball, location: 2F 0-1: Called Strike 0-2: Fly out, F4 (Popup, 4D)
|
Batting: LHB Felipe Guerrero
|
0-0: Ball 1-0: Foul Ball, location: 2F 1-1: Swinging Strike 1-2: Ball 2-2: Fly out, F8 (Flyball, 8RM)
|
Top of the 2nd over - 0 run(s), 0 hit(s), 0 error(s), 0 left on base; Boston 0 - Niagara Falls 0 |
BOTTOM OF THE 2ND |
Niagara Falls Frenzy batting - Pitching for Boston Rebels : RHP John Foster
|
Batting: LHB Clyde Yarbrough
|
0-0: Ball 1-0: Called Strike 1-1: Swinging Strike 1-2: Foul Ball, location: 2F 1-2: Ground out U3 (Groundball, 34)
|
Batting: RHB Anastasio Villa
|
0-0: Foul Ball, location: 2F 0-1: Ball 1-1: Foul Ball, location: 2F 1-2: Hit by Pitch
|
Batting: LHB Yasuhiko Onodera
|
0-0: Ball 1-0: Foul Ball, location: 2F 1-1: Called Strike 1-2: Ball 2-2: Fly out, F9 (Flyball, 9LS)
|
Batting: SHB Héctor Padilla
|
0-0: Swinging Strike 0-1: Called Strike 0-2: Strikes out swinging
|
Bottom of the 2nd over - 0 run(s), 0 hit(s), 0 error(s), 1 left on base; Boston 0 - Niagara Falls 0 |
TOP OF THE 3RD |
Boston Rebels batting - Pitching for Niagara Falls Frenzy : RHP Ed Jones
|
Batting: LHB Arturo Molina
|
0-0: Ground out 4-3 (Groundball, 4)
|
Batting: RHB Alberto Ramos
|
0-0: Foul Ball, location: 2F 0-1: Ball 1-1: Ground out 4-3 (Groundball, 4)
|
Batting: RHB Ángel Garza
|
0-0: Ball 1-0: Ball 2-0: SINGLE (Groundball, 6MD)
|
Batting: RHB Roberto Chávez
|
0-0: Ball 1-0: SINGLE (Groundball, 6MD) Ángel Garza to second Runner from 2nd tries for 3rd, SAFE, throw made to third
|
Batting: LHB Bill Wilson
|
0-0: Foul Ball, location: 2F 0-1: Ball 1-1: Fly out, F9 (Flyball, 9)
|
Top of the 3rd over - 0 run(s), 2 hit(s), 0 error(s), 2 left on base; Boston 0 - Niagara Falls 0 |
BOTTOM OF THE 3RD |
Niagara Falls Frenzy batting - Pitching for Boston Rebels : RHP John Foster
|
Batting: RHB Luther Stoffels
|
0-0: Called Strike 0-1: Foul Ball, location: 2F 0-2: Foul Ball, location: 2F 0-2: Ball 1-2: Strikes out looking
|
Batting: RHB Tomás Estrada
|
0-0: Ball 1-0: Fly out, F8 (Flyball, 8RD)
|
Batting: RHB Kel Pierce
|
0-0: Ball 1-0: Swinging Strike 1-1: Called Strike 1-2: Strikes out swinging
|
Bottom of the 3rd over - 0 run(s), 0 hit(s), 0 error(s), 0 left on base; Boston 0 - Niagara Falls 0 |
TOP OF THE 4TH |
Boston Rebels batting - Pitching for Niagara Falls Frenzy : RHP Ed Jones
|
Batting: LHB Lorenzo Flores
|
0-0: Called Strike 0-1: Swinging Strike 0-2: Fly out, F9 (Flyball, 9S)
|
Batting: LHB Miguel Rivería
|
0-0: SINGLE (Groundball, 34D)
|
Batting: RHB John Mendelson
|
0-0: Foul Ball, location: 2F 0-1: Ball 1-1: Foul Ball, location: 2F 1-2: Ball 2-2: SINGLE (Groundball, 56S) (infield hit) Miguel Rivería to second
|
Batting: LHB Felipe Guerrero
|
0-0: Ball 1-0: Ball 2-0: Called Strike 2-1: Ball 3-1: Base on Balls Miguel Rivería to third John Mendelson to second
|
Batting: LHB Arturo Molina
|
0-0: GRAND SLAM HOME RUN (Flyball, 7LD), Distance : 379 ft
|
Batting: RHB Alberto Ramos
|
0-0: Called Strike 0-1: Ball 1-1: Foul Ball, location: 2F 1-2: Strikes out swinging
|
Batting: RHB Ángel Garza
|
0-0: Called Strike 0-1: Ball 1-1: Swinging Strike 1-2: Ball 2-2: Ball 3-2: Base on Balls
|
Batting: RHB Roberto Chávez
|
0-0: Ball 1-0: Fielders Choice at 2nd, 5-4 (Groundball, 5)
|
Top of the 4th over - 4 run(s), 3 hit(s), 0 error(s), 0 left on base; Boston 4 - Niagara Falls 0 |
BOTTOM OF THE 4TH |
Niagara Falls Frenzy batting - Pitching for Boston Rebels : RHP John Foster
|
Batting: RHB Zander Tremblett
|
0-0: Ball 1-0: Fly out, F9 (Flyball, 9S)
|
Batting: RHB Troy Lau
|
0-0: Ball 1-0: Called Strike 1-1: Ball 2-1: Swinging Strike 2-2: Strikes out swinging
|
Batting: LHB Clyde Yarbrough
|
0-0: Called Strike 0-1: Fly out, F7 (Flyball, 78S)
|
Bottom of the 4th over - 0 run(s), 0 hit(s), 0 error(s), 0 left on base; Boston 4 - Niagara Falls 0 |
TOP OF THE 5TH |
Boston Rebels batting - Pitching for Niagara Falls Frenzy : RHP Ed Jones
|
Batting: LHB Bill Wilson
|
0-0: Ball 1-0: Called Strike 1-1: Foul Ball, location: 2F 1-2: Ball 2-2: Ball 3-2: Base on Balls
|
Batting: LHB Lorenzo Flores
|
0-0: Called Strike 0-1: Ball 1-1: Called Strike 1-2: Ball 2-2: Strikes out swinging
|
Batting: LHB Miguel Rivería
|
0-0: Called Strike 0-1: Foul Ball, location: 2F 0-2: Foul Ball, location: 2F 0-2: Ground out 4-3 (Groundball, 3D) Bill Wilson to second
|
Batting: RHB John Mendelson
|
0-0: Called Strike 0-1: Foul Ball, location: 2F 0-2: Ball 1-2: Ball 2-2: Ball 3-2: Ground out 4-3 (Groundball, 4M)
|
Top of the 5th over - 0 run(s), 0 hit(s), 0 error(s), 1 left on base; Boston 4 - Niagara Falls 0 |
BOTTOM OF THE 5TH |
Niagara Falls Frenzy batting - Pitching for Boston Rebels : RHP John Foster
|
Batting: RHB Anastasio Villa
|
0-0: Ground out 6-3 (Groundball, 56)
|
Batting: LHB Yasuhiko Onodera
|
0-0: Ball 1-0: Foul Ball, location: 2F 1-1: SINGLE (Line Drive, 9LS)
|
Batting: SHB Héctor Padilla
|
0-0: SINGLE (Groundball, 34D) Yasuhiko Onodera to second Runner from 2nd tries for 3rd, SAFE, throw made to third Héctor Padilla to second
|
Batting: RHB Luther Stoffels
|
0-0: Called Strike 0-1: Foul Ball, location: 2F 0-2: Ball 1-2: Ground out 5-3 (Groundball, 56) Yasuhiko Onodera scores
|
Batting: RHB Tomás Estrada
|
0-0: Ball 1-0: Hit by Pitch
|
Batting: RHB Kel Pierce
|
0-0: Called Strike 0-1: Ball 1-1: Swinging Strike 1-2: Ball 2-2: Foul Ball, location: 2F 2-2: Ball 3-2: Foul Ball, location: 2F 3-2: SINGLE (Groundball, 3D) Héctor Padilla to third Tomás Estrada to second Héctor Padilla scores Tomás Estrada to third
|
Batting: RHB Zander Tremblett
|
0-0: Ball 1-0: SINGLE (Groundball, 34D) Tomás Estrada scores Kel Pierce to second Runner from 2nd tries for 3rd, OUT!
|
Bottom of the 5th over - 3 run(s), 4 hit(s), 0 error(s), 1 left on base; Boston 4 - Niagara Falls 3 |
TOP OF THE 6TH |
Boston Rebels batting - Pitching for Niagara Falls Frenzy : RHP Ed Jones
|
Batting: LHB Felipe Guerrero
|
0-0: Ball 1-0: Ball 2-0: Called Strike 2-1: Fly out, F7 (Line Drive, 78D)
|
Batting: LHB Arturo Molina
|
0-0: Foul Ball, location: 2F 0-1: Foul Ball, location: 2F 0-2: Ball 1-2: Ball 2-2: Ball 3-2: Base on Balls
|
Batting: RHB Alberto Ramos
|
0-0: Ball 1-0: Ball 2-0: Ball 3-0: Called Strike 3-1: Swinging Strike 3-2: Foul Ball, location: 2F 3-2: Foul Ball, location: 2F 3-2: Foul Ball, location: 2F 3-2: Strikes out swinging
|
Pitching: RHP Nathan Thornton
|
|
Batting: RHB Ángel Garza
|
0-0: Foul Ball, location: 2F 0-1: Foul Ball, location: 2F 0-2: Strikes out swinging
|
Top of the 6th over - 0 run(s), 0 hit(s), 0 error(s), 1 left on base; Boston 4 - Niagara Falls 3 |
BOTTOM OF THE 6TH |
Niagara Falls Frenzy batting - Pitching for Boston Rebels : RHP John Foster
|
Batting: RHB Troy Lau
|
0-0: Ball 1-0: SINGLE (Line Drive, 6)
|
Batting: LHB Clyde Yarbrough
|
0-0: Called Strike 0-1: Foul Ball, location: 2F 0-2: Foul Ball, location: 2F 0-2: Fly out, F8 (Flyball, 78D)
|
Batting: RHB Anastasio Villa
|
0-0: Ball 1-0: Ball 2-0: Grounds into double play, 4-6-3 (Groundball, 4M)
|
Bottom of the 6th over - 0 run(s), 1 hit(s), 0 error(s), 0 left on base; Boston 4 - Niagara Falls 3 |
TOP OF THE 7TH |
Boston Rebels batting - Pitching for Niagara Falls Frenzy : RHP Nathan Thornton
|
Batting: RHB Roberto Chávez
|
0-0: Ball 1-0: Foul Ball, location: 2F 1-1: Swinging Strike 1-2: Foul Ball, location: 2F 1-2: Ball 2-2: Strikes out swinging
|
Batting: LHB Bill Wilson
|
0-0: Fly out, F7 (Flyball, 78M)
|
Batting: LHB Lorenzo Flores
|
0-0: Foul Ball, location: 2F 0-1: SINGLE (Line Drive, 8RS)
|
Batting: LHB Miguel Rivería
|
0-0: Ball 1-0: Foul Ball, location: 2F 1-1: Swinging Strike 1-2: Ball 2-2: Fly out, F9 (Flyball, 9LS)
|
Top of the 7th over - 0 run(s), 1 hit(s), 0 error(s), 1 left on base; Boston 4 - Niagara Falls 3 |
BOTTOM OF THE 7TH |
Niagara Falls Frenzy batting - Pitching for Boston Rebels : RHP John Foster
|
Batting: LHB Yasuhiko Onodera
|
0-0: Ball 1-0: Swinging Strike 1-1: Swinging Strike 1-2: Strikes out looking
|
Batting: SHB Héctor Padilla
|
0-0: Ball 1-0: Called Strike 1-1: Foul Ball, location: 2F 1-2: Foul Ball, location: 2F 1-2: Ball 2-2: Foul Ball, location: 2F 2-2: SOLO HOME RUN (Flyball, 89XD), Distance : 408 ft
|
Batting: RHB Luther Stoffels
|
0-0: Ball 1-0: Called Strike 1-1: SINGLE (Groundball, 6MD)
|
Batting: RHB Tomás Estrada
|
0-0: Ball Wild Pitch! Luther Stoffels to second 1-0: Ground out 6-3 (Groundball, 6) Luther Stoffels to third
|
Batting: RHB Kel Pierce
|
0-0: Fly out, F6 (Popup, 6)
|
Bottom of the 7th over - 1 run(s), 2 hit(s), 0 error(s), 1 left on base; Boston 4 - Niagara Falls 4 |
TOP OF THE 8TH |
Boston Rebels batting - Pitching for Niagara Falls Frenzy : RHP Nathan Thornton
|
Batting: RHB John Mendelson
|
0-0: Foul Ball, location: 2F 0-1: Foul Ball, location: 2F 0-2: Ball 1-2: DOUBLE (Line Drive, 89D)
|
Batting: LHB Felipe Guerrero
|
0-0: Fly out, F7 (Flyball, 78M)
|
Batting: LHB Arturo Molina
|
0-0: Intentional Walk
|
Batting: RHB Alberto Ramos
|
0-0: Ball 1-0: Ground out 5-3 (Groundball, 5S) John Mendelson to third Arturo Molina to second
|
Pinch Hitting: LHB Frank Jackson
|
0-0: Ball 1-0: Ball 2-0: Ball 3-0: Called Strike 3-1: Base on Balls
|
Pinch Hitting: LHB Sergio Barrón
|
0-0: Called Strike 0-1: Ground out U3 (Groundball, 3L)
|
Top of the 8th over - 0 run(s), 1 hit(s), 0 error(s), 3 left on base; Boston 4 - Niagara Falls 4 |
BOTTOM OF THE 8TH |
Niagara Falls Frenzy batting - Pitching for Boston Rebels : RHP John Foster
|
Pitching: LHP Yoshihiro Hasegawa
|
|
Now at 2B: George Reeves
|
|
Now at 3B: Frank Jackson
|
|
Batting: RHB Zander Tremblett
|
0-0: Fly out, F9 (Flyball, 9LSF)
|
Batting: RHB Troy Lau
|
0-0: Ball 1-0: Foul Ball, location: 2F 1-1: Ball 2-1: Fly out, F8 (Flyball, 78M)
|
Batting: LHB Clyde Yarbrough
|
0-0: Ball 1-0: Called Strike 1-1: SINGLE (Groundball, 34S) (infield hit)
|
Batting: RHB Anastasio Villa
|
0-0: Called Strike 0-1: Ball 1-1: Fly out, F7 (Flyball, 7D)
|
Bottom of the 8th over - 0 run(s), 1 hit(s), 0 error(s), 1 left on base; Boston 4 - Niagara Falls 4 |
TOP OF THE 9TH |
Boston Rebels batting - Pitching for Niagara Falls Frenzy : RHP Nathan Thornton
|
Pitching: RHP Esteban Juárez
|
|
Batting: LHB Bill Wilson
|
0-0: SINGLE (Line Drive, 7LS)
|
Batting: LHB Lorenzo Flores
|
0-0: Ball 1-0: Swinging Strike 1-1: Ball 2-1: Ball 3-1: Foul Ball, location: 2F 3-2: Strikes out swinging
|
Batting: LHB Miguel Rivería
|
0-0: Grounds into double play, 4-6-3 (Groundball, 4M)
|
Top of the 9th over - 0 run(s), 1 hit(s), 0 error(s), 0 left on base; Boston 4 - Niagara Falls 4 |
BOTTOM OF THE 9TH |
Niagara Falls Frenzy batting - Pitching for Boston Rebels : LHP Yoshihiro Hasegawa
|
Pinch Hitting: RHB Jorge Cora
|
0-0: Called Strike 0-1: Foul Ball, location: 2F 0-2: Ball 1-2: DOUBLE (Line Drive, 7LD)
|
Batting: SHB Héctor Padilla
|
0-0: Fly out, F7 (Flyball, 7D)
|
Batting: RHB Luther Stoffels
|
0-0: Ball 1-0: Ball 2-0: Ball 3-0: Base on Balls
|
Batting: RHB Tomás Estrada
|
0-0: Ball 1-0: Ground out 4-3 (Groundball, 34) Jorge Cora to third Luther Stoffels to second
|
Batting: RHB Kel Pierce
|
0-0: Ball 1-0: Foul Ball, location: 2F 1-1: Ball 2-1: SINGLE (Groundball, 56D) Jorge Cora scores
|
Tuesday, August 8th, 2017 - OOTP Baseball 17.12 Build 75
|
|